 Dungeon Crawl Stone Soup version 0.31-a0-640-g39d97e502b (webtiles) character file.

Game seed: 8121403675808876038

153 qw the Shooter (level 5, -3/32 HPs)
             Began as a Gargoyle Hunter on Aug 27, 2023.
             Slain by Sigmund
             ... wielding a +4 scythe
              (7 damage)
             ... on level 3 of the Dungeon.
             The game lasted 00:00:53 (1919 turns).

qw the Shooter (Gargoyle Hunter)                    Turns: 1919, Time: 00:00:54

Health: -3/32      AC: 11    Str: 15    XL:     5   Next: 35%
Magic:  5/5        EV: 11    Int:  9    God:
Gold:   87         SH:  0    Dex: 15    Spells: 4/4 levels left

rFire   . . .        Y - +1 shortbow
rCold   . . .        (shield currently unavailable)
rNeg    + . .        l - +0 ring mail
rPois   inf          j - +0 helmet
rElec   +            (no cloak)
rCorr   .            b - +0 pair of gloves
SInv    .            (no boots)
Will    .....        (no amulet)
Stlth   +            (no ring)
HPRegen 0.25/turn    (no ring)
MPRegen 0.09/turn

%: no passive effects
@: no status effects
A: sickness immunity, AC +4, negative energy resistance 1, electricity
resistance, torment resistance 1, petrification resistance
a: no special abilities


You were on level 3 of the Dungeon.
You visited 1 branch of the dungeon, and saw 3 of its levels.

You collected 87 gold pieces.


Innate Abilities, Weirdness & Mutations

You are immune to sickness and miasma.
Your stone body is resilient. (AC +4)
You are immune to poison.
You resist negative energy. (rN+)
You are resistant to electric shocks. (rElec)
You are resistant to unholy torment.
You are immune to petrification.


   Skills:
 + Level 3.0 Fighting
 - Level 6.0 Ranged Weapons
 - Level 1.2 Armour
 - Level 1.5 Dodging
 - Level 1.1 Stealth


You had 4 spell levels left.
You didn't know any spells.
Your spell library was empty.

Inventory:

Hand Weapons
 Y - a +1 shortbow (weapon)
Armour
 b - a +0 pair of gloves (worn)
 j - a +0 helmet (worn)
 k - the +0 leather armour "Zujuanin" {Harm rF+ Will+ Int-4}
   (You found it on level 2 of the Dungeon)

   Int-4:     It affects your intelligence (-4).
   rF+:       It protects you from fire.
   Will+:     It increases your willpower.
   Harm:      It increases damage dealt and taken.
 l - a +0 ring mail (worn)
Scrolls
 g - 2 scrolls of identify
Potions
 a - 2 potions of invisibility {unknown}
 c - a potion of heal wounds {unknown}
 d - a potion of lignification {unknown}
 e - a potion of brilliance {unknown}
 f - 2 potions of enlightenment
 h - a potion of mutation {unknown}

Dungeon Overview and Level Annotations

Branches:
Dungeon (3/15)

Altars:

Shops:
D:1 :(:=

Annotations:
D:3 Sigmund


Message History

Found a stone staircase leading down.
Enter note:
Enter note:
Enter note:
Enter note:
Enter note: Sigmund the Dreaded comes into view.
He is wielding a +4 scythe and wearing a +2 robe of positive energy.
Sigmund shouts!
Sigmund gestures at you while chanting.
You are confused.
You hear an angry hiss. x2
A ball python comes into view.
Sigmund casts a spell at you. The magic dart hits you.
Sigmund mumbles some strange words.
Sigmund flickers and vanishes!
Deactivating autopickup; reactivate with Ctrl-A.
A frilled lizard comes into view.
You feel less confused. The ball python barely misses you.
The ball python misses you.
You shoot an arrow. The arrow hits the ball python.
You kill the ball python!
You shoot an arrow. The arrow misses the frilled lizard.
Something hits you but does no damage.
You shoot an arrow.
The arrow barely misses the frilled lizard.
Something hits you!
You shoot an arrow.
The arrow barely misses the frilled lizard.
You shoot an arrow. The arrow hits the frilled lizard.
You kill the frilled lizard!
You hear some strange, mumbled words.
A puff of flame appears from out of thin air!
The puff of flame hits you! Something hits you but does no damage.
You shoot an arrow. You shoot an arrow. Something hits you!
You shoot an arrow. Something hits you!
You die...

#.#....# #.#.##.###
#.#.##...#
#.#.##...#####
#########.#.##........
....^.................
#.####........#........
#..........#..##.......
#...$.@...#....+.......
#......%..#...##.......
#.####..{.#....+.......
# #.>.......#.......
#.........#.......
###.#....## ###.##
.#.... ..... .. ... .#
#. ..


There were no monsters in sight!

Vanquished Creatures
  3 gnolls (D:2)
  6 adders
  A worm (D:2)
  2 dart slugs
  6 endoplasms
  3 giant cockroaches
  4 goblins
  4 hobgoblins (D:1)
  2 jackals (D:2)
  A quokka (D:2)
  11 ball pythons
  8 bats
  2 frilled lizards
  7 kobolds
  4 rats
64 creatures vanquished.

Notes
Turn   | Place    | Note
-------+----------+-------------------------------------------
     0 | D:1      | qw the Gargoyle Hunter began the quest for the Orb.
     0 | D:1      | Reached XP level 1. HP: 12/12 MP: 1/1
     0 | D:1      | 0 ||| qw: Version: 0.3-a-74-g0d5e918
     0 | D:1      | 0 ||| qw: Game counter: 11
     0 | D:1      | 0 ||| qw: Melee chars always use a shield: true
     0 | D:1      | 0 ||| qw: God list: Okawaru
     0 | D:1      | 0 ||| qw: Allow faded altars: false
     0 | D:1      | 0 ||| qw: Do Orc after clearing Dungeon:15 true
     0 | D:1      | 0 ||| qw: Do second Lair branch before Depths: true
     0 | D:1      | 0 ||| qw: Lair rune preference: random
     0 | D:1      | 0 ||| qw: Goals: Normal
     0 | D:1      | 0 ||| PLANNING D:1-11
    38 | D:1      | Reached XP level 2. HP: 17/17 MP: 2/2
   292 | D:1      | Found Luchu's Antique Weapon Emporium.
   332 | D:1      | Found Wiapp's Jewellery Shop.
   340 | D:1      | 340 ||| SHOPLISTING +4 ring of protection (504 gold, have
                  | 47).
   340 | D:1      | 340 ||| SHOPLISTING amulet of faith (560 gold, have 47).
   340 | D:1      | 340 ||| SHOPLISTING amulet of the acrobat (420 gold, have
                  | 47).
   340 | D:1      | 340 ||| SHOPLISTING ring of protection from cold (350 gold,
                  | have 47).
   397 | D:1      | Reached XP level 3. HP: 21/21 MP: 3/3
   407 | D:1      | Found Vuxzibb's Book Shop.
   528 | D:1      | Found a faded altar of an unknown god.
   560 | D:1      | Found Gong's Book Shop.
   568 | D:1      | 568 ||| UPGRADING to +0 ring mail.
   596 | D:1      | 596 ||| DROPPING +0 leather armour.
   733 | D:1      | 733 ||| READING scroll labelled OPAMUOC HUORU.
   734 | D:1      | 734 ||| READING scroll labelled ANEGIT WEAT.
   735 | D:1      | 735 ||| READING scroll labelled OCWIUWAUTT.
   736 | D:1      | 736 ||| READING scroll labelled CIGHUKYITS.
   737 | D:1      | 737 ||| READING scroll labelled MUUVOZ GATE.
   738 | D:1      | 738 ||| READING scroll labelled HUUMOA SERENEPPO.
   739 | D:1      | 739 ||| DRINKING 2 lumpy silvery potions.
   740 | D:1      | 740 ||| DROPPING scroll of butterflies.
   741 | D:1      | 741 ||| DROPPING potion of magic.
   778 | D:2      | Reached skill level 1 in Armour
   784 | D:2      | Reached skill level 5 in Ranged Weapons
   852 | D:2      | 852 ||| STAIRDANCE
   857 | D:1      | 857 ||| UPGRADING to +0 pair of gloves.
   865 | D:2      | 865 ||| STAIRDANCE
   895 | D:2      | 895 ||| STAIRDANCE
   968 | D:2      | 968 ||| RETREATING.
   979 | D:2      | 979 ||| Stepping ~*~*~tactically~*~*~ (retreating).
   981 | D:2      | Reached skill level 3 in Fighting
   981 | D:2      | Reached XP level 4. HP: 11/28 MP: 4/4
   981 | D:2      | HP: 5/28 [gnoll/+0 club (6)]
   986 | D:2      | HP: 3/28 [gnoll/+0 spear (1)]
  1254 | D:2      | Identified the +0 leather armour "Zujuanin" {Harm rF+ Will+
                  | Int-4}
  1406 | D:2      | Reached XP level 5. HP: 32/32 MP: 5/5
  1566 | D:2      | 1566 ||| UPGRADING to +0 helmet.
  1571 | D:2      | 1571 ||| READING 2 scrolls labelled ZAG ATEOGUZA.
  1572 | D:2      | 1572 ||| READING scroll labelled HYEPIL NAZOA.
  1577 | D:2      | 1577 ||| DRINKING 2 puce potions.
  1837 | D:3      | Reached skill level 6 in Ranged Weapons
  1905 | D:3      | Noticed Sigmund
  1918 | D:3      | HP: 3/32 [something (7)]
  1919 | D:3      | Slain by Sigmund

Levels and vault maps discovered:
D:1:      minmay_arrival_semitransparent, layout_basic, serial_shops,
          nicolae_shop_waterfront, shop, nicolae_shop_hallway_plus,
          nicolae_shop_competitors_out_of_business,
          shapermc_ecumenical_altar_acropolis
D:2:      layout_basic, minmay_snake_closets
D:3:      layout_basic, hangedman_decor_push, minmay_misc_feat_plants,
          nicolae_concentric_dashed_squares_mild, uniq_sigmund

Skill      XL: |  1  2  3  4  5 |
---------------+----------------+-----
Armour         | 1 |  1.2
Ranged Weapons | 5 6 |  6.0
Fighting       | 3 |  3.0
Dodging        | |  1.5
Stealth        | |  1.1

Action                     |  1- 3 |  4- 6 || total
---------------------------+-------+-------++-------
   Fire: Shortbow          |   117 |    84 ||   201
    Use: Scroll            |     6 |     2 ||     8
         Potion            |     1 |     1 ||     2
 Armour: Leather armour    |     5 |       ||     5
         Ring mail         |    38 |    33 ||    71
  Dodge: Dodged            |    59 |    44 ||   103

Table legend:
 A = Non-vault XP
 B = Vault XP
 C = Vault XP percentage of total XP
 D = Non-vault monster count
 E = Vault monster count
 F = Vault count percentage of total count
                 A         B        C        D         E       F
            +---------+---------+-------+---------+---------+-------
      Total |     157 |      62 |  28.3 |      53 |      11 |  17.2
            +---------+---------+-------+---------+---------+-------
        D:1 |      46 |       0 |   0.0 |      28 |       0 |   0.0
        D:2 |      92 |      62 |  40.3 |      19 |      11 |  36.7
        D:3 |      19 |       0 |   0.0 |       6 |       0 |   0.0
            +---------+---------+-------+---------+---------+-------
